 Dungeon Crawl Stone Soup version 0.20-a0-920-gb18bc0f (webtiles) character file.

806 FastMan the Shield-Bearer (level 8, 0/62 HPs)
             Began as a Formicid Fighter on Mar 26, 2017.
             Slain by a gnoll sergeant
             ... wielding a +0 trident
              (11 damage)
             ... on level 4 of the Dungeon.
             The game lasted 00:02:45 (3162 turns).

FastMan the Shield-Bearer (Formicid Fighter)        Turns: 3162, Time: 00:02:46

Health: 0/62       AC:  9    Str: 22    XL:     8   Next: 14%
Magic:  8/8        EV:  7    Int:  7    God:
Gold:   306        SH: 11    Dex: 12    Spells: 7/7 levels left

rFire    . . .     SeeInvis +   a - +1 war axe
rCold    . . .     Gourm    .   c - +1 shield
rNeg     . . .     Faith    .   y - +0 chain mail
rPois    .         Spirit   .   (helmet unavailable)
rElec    .         Reflect  .   (no cloak)
rCorr    +         Harm     .   (no gloves)
MR       .....                  (no boots)
Stlth    ..........             (no amulet)
Regen    0.2/turn               (no ring)
MPRegen  0.2/turn               p - ring of resist corrosion

@: no status effects
A: permanent stasis, dig shafts and tunnels, four strong arms, antennae 3
a: Dig, Shaft Self


You were on level 4 of the Dungeon.
You were not hungry.

You visited 1 branch of the dungeon, and saw 5 of its levels.

You collected 306 gold pieces.

Inventory:

Hand Weapons
 a - a +1 war axe (weapon)
Armour
 c - a +1 shield (worn)
 y - a +0 chain mail (worn)
Jewellery
 p - a ring of resist corrosion (right hand)
Scrolls
 b - a scroll of identify {@r1}
 e - a scroll of blinking {unknown}
 g - a scroll of teleportation {unknown}
 s - a scroll of random uselessness {unknown}
 v - a scroll of fog {unknown}
Potions
 d - 2 potions of might {@q4}
 h - a potion of agility {unknown}
 m - a potion of invisibility {unknown}
 n - a potion of haste {unknown}
 o - a potion of magic
 q - a potion of heal wounds {@q2}
 r - a potion of lignification {unknown}
 t - a potion of brilliance {unknown}
Comestibles
 f - 5 bread rations {@e1}
 i - 3 chunks of flesh
 l - 2 meat rations {@e2}
 u - 2 fruits {@e4}


   Skills:
 + Level 5.0 Fighting
 * Level 5.7 Axes
 + Level 5.3 Armour
 + Level 6.0 Shields


You had 7 spell levels left.
You didn't know any spells.

Dungeon Overview and Level Annotations

Branches:
Dungeon (5/15)
 Temple: D:4-7

Altars:
Dithmenos
Hepliaklqana
Trog
Xom
The Shining One


Innate Abilities, Weirdness & Mutations

You cannot be hasted, slowed, berserked, paralysed or teleported.
You can dig through walls and to a lower floor.
Your four strong arms can wield two-handed weapons with a shield.
You have a pair of large antennae on your head. (SInv)


Message History

* * * LOW HITPOINT WARNING * * *
You block the gnoll sergeant's attack.
You hit the gnoll sergeant but do no damage.
The gnoll sergeant is almost dead.
You block the gnoll sergeant's attack.
You hit the gnoll sergeant but do no damage.
The gnoll sergeant is almost dead.
You feel sick.
The gnoll sergeant hits you with a trident!
* * * LOW HITPOINT WARNING * * *
Unknown command.
Your chain mail prevents you from hitting the gnoll sergeant.
The gnoll sergeant is almost dead.
You block the gnoll sergeant's attack.
Unknown command.
Unknown command.
Unknown command.
You feel better.
The gnoll sergeant hits you with a trident!
You die...

#.# #.# #.# ######.
#.# #.# #.# #. #.#
#.#### #.# #. #.#
#....# #.# #.
#.######.#####
#.###### #.
#............#
#......# #>
########.###.#
######.# #.
#.###.############ #.#
#. #.......g@)......#
#.# #.
#.###.#<)#####...###.#
#. #.# #.#..#
##.###.##.# #. #.#
#.#..###.## ##.#.####.
#.# #.#..#..##
##....... #.#
#.#..#..# #..##### #.#
#.#..#..## ##.## #.#
#......#.## ##.## #.#
###..####.###.##


You could see a gnoll sergeant.

Vanquished Creatures
  The ghost of wirefist the Sneak, an amateur OpEn (D:3)
  3 phantoms (D:4)
  An ogre (D:4)
  A jelly (D:4)
  An orc priest (D:3)
  An orc wizard (D:3)
  Jessica (D:2)
  3 worker ants (D:4)
  5 gnolls (D:4)
  4 adders (D:2)
  3 oozes
  A worm (D:3)
  4 dart slugs
  2 leopard geckos
  3 orcs
  3 bats
  4 giant cockroaches
  4 goblins
  7 hobgoblins
  4 jackals (D:1)
  3 frilled lizards
  9 kobolds
  6 rats
  A fungus (D:3)
75 creatures vanquished.

Vanquished Creatures (others)
  A wizard (D:4)
1 creature vanquished.

Grand Total: 76 creatures vanquished

Notes
Turn   | Place    | Note
-------+----------+-------------------------------------------
     0 | D:1      | FastMan the Formicid Fighter began the quest for the Orb.
     0 | D:1      | Reached XP level 1. HP: 18/18 MP: 1/1
    70 | D:1      | Reached XP level 2. HP: 16/24 MP: 2/2
   212 | D:1      | Reached XP level 3. HP: 23/29 MP: 3/3
   363 | D:1      | Reached skill level 4 in Shields
   654 | D:2      | Found a shadowy altar of Dithmenos.
   771 | D:2      | Reached XP level 4. HP: 33/37 MP: 4/4
   951 | D:2      | Noticed Jessica
   959 | D:2      | Killed Jessica
   959 | D:2      | Reached XP level 5. HP: 30/42 MP: 5/5
  1118 | D:3      | Found a hazy altar of Hepliaklqana.
  1120 | D:3      | Found a shimmering altar of Xom.
  1120 | D:3      | Noticed a soldier ant
  1121 | D:3      | Noticed a soldier ant
  1121 | D:3      | Noticed a spectral ugly thing
  1515 | D:3      | Found a glowing golden altar of the Shining One.
  1531 | D:3      | Reached XP level 6. HP: 48/48 MP: 6/6
  1644 | D:3      | Noticed wirefist's ghost (amateur OpEn)
  1662 | D:3      | Killed wirefist's ghost
  1662 | D:3      | Reached skill level 5 in Shields
  1697 | D:4      | Noticed a phantom
  1714 | D:4      | Killed a phantom
  1714 | D:4      | Reached XP level 7. HP: 43/55 MP: 7/7
  1966 | D:4      | Reached skill level 5 in Armour
  2025 | D:4      | Reached skill level 5 in Axes
  2377 | D:4      | Reached skill level 5 in Fighting
  2377 | D:4      | Reached XP level 8. HP: 23/62 MP: 8/8
  2939 | D:4      | Found a bloodstained altar of Trog.
  2940 | D:4      | Noticed a wizard
  2945 | D:4      | Killed a wizard
  2985 | D:5      | Entered Level 5 of the Dungeon
  3153 | D:4      | Reached skill level 6 in Shields
  3160 | D:4      | HP: 3/62 [gnoll sergeant/trident (10)]
  3162 | D:4      | Slain by a gnoll sergeant

Vault maps used:
D:1:      kennysheep_arrival_seaside, corexii_item_surrounded_by_moat
D:2:      nicolae_dithmenos_shadow_blocks, uniq_jessica
D:3:      regret_index_temple_of_mockery, lemuel_doored_altar,
          minmay_gold_behind_fungi
D:4:      first_bread, trog_wizard
D:5:      minmay_temple_entry_trees, uniq_prince_ribbit1

Skill      XL: |  1  2  3  4  5  6  7  8 |
---------------+-------------------------+-----
Shields        | 4 5 6 |  6.0
Axes           | 3 4 5 |  5.7
Armour         | 4 5 |  5.3
Fighting       | 4 5 |  5.0

Action                   |  1- 3 |  4- 6 |  7- 9 || total
-------------------------+-------+-------+-------++-------
Melee: War axe           |    83 |   119 |    86 ||   288
  Use: Scroll            |       |     5 |       ||     5
       Potion            |       |       |     2 ||     2
  Eat: Chunk             |       |     3 |       ||     3
       Meat ration       |       |       |     1 ||     1
Armor: Scale mail        |    32 |    38 |       ||    70
       Chain mail        |       |    19 |    24 ||    43
Dodge: Dodged            |    27 |    36 |    22 ||    85
Block: Shield            |    50 |    50 |    56 ||   156
